Unix NetHack Version 5.0.0-0 post-release - last build May  3 2026 23:40:34 (9823c992c0763bbd039eca2974112f46eaf799b3,branch:main).

Game began 2026-05-04 14:06:19, ended 2026-05-04 14:30:12.

24620901111, neutral male human Healer

                                                           --------------
                                                         ##.............|
            ----.----------             --------     ##### |.......!F...|
            .........h....|             |.......######)####|............|
            |ooohhGoGkGhoh|            #.......|    ##    #+.........>..|
            |hGo@Ghhoo.kGh|            #|......|           |............|
            ----|----------            #--------           ------.-------
                #                      ###                       #
                #                        #                       !
                ##                       #                       #
                #                        #                       #
                #                --------#                     ###
               ##             ###.(.....-#                    -.----
               #              #  |......|                     |....|
             --|-------|----- #  |.......#####################-....|
             |.......{..(...| #  --------                     |....|
             |...........<..-##                               |....|
             ----------------                                 ------

24620901111 the Empiric      St:8 Dx:10 Co:16 In:9 Wi:16 Ch:16  Neutral
Dlvl:5  $:1954 HP:0(31) Pw:19(19) AC:8  Xp:3 T:1248 

Latest messages:
 The orc zombie hits!
 You hit the orc zombie.
 You miss the orc zombie.
 You hit the orc zombie.
 The orc zombie hits!
 You hit the orc zombie.
 The orc zombie turns to flee.
 You destroy the orc zombie!
 Welcome to experience level 3.
 What do you want to eat? [j or ?*] *
 What do you want to eat? [j or ?*] j
 Core dumped.
 You see here a chest.
 You are beginning to feel hungry.
 What do you want to eat? [j or ?*] j
 Core dumped.
 The door resists!
 The door resists!
 The door opens.
 You enter an opulent throne room!
 You kill the hobgoblin!
 The hobgoblin wakes up!
 The hobgoblin wields a crude dagger!
 The crude dagger welds itself to the hobgoblin's hand!
 s - a curved sword.
 You have much trouble lifting a hobgoblin corpse.  Continue? [ynq] (q) q
 The bugbear wakes up!
 The bugbear hits!
 The hobgoblin thrusts her crude dagger.
 The hobgoblin hits!
 There is a hobgoblin corpse here; eat it? [ynq] (n) y
 This hobgoblin corpse tastes okay.
 The bugbear wakes up!
 The bugbear hits!
 You stop eating the hobgoblin corpse.
 The bugbear wakes up!
 The bugbear drinks a puce potion!
 The bugbear is suddenly moving faster.
 The hobgoblin thrusts her crude dagger.
 The hobgoblin hits!
 You miss the bugbear.
 The bugbear wakes up!
 The kobold shaman wakes up!
 The bugbear hits!
 You die...
 Do you want your possessions identified? [ynq] (y) y
 Do you want to see your attributes? [ynq] (y) y
 Do you want an account of creatures vanquished? [ynaq] (y) y
 Do you want to see your conduct and achievements? [ynq] (y) y
 Do you want to see the dungeon overview? [ynq] (y) y

Inventory:
 Coins    ('$')
  $ - 1954 gold pieces
 Weapons  (')')
  a - a +0 scalpel (weapon in right hand)
  s - a cursed +0 scimitar
 Armor    ('[')
  b - an uncursed +1 pair of leather gloves (being worn)
 Spellbooks  ('+')
  h - a blessed spellbook of extra healing
  g - a blessed spellbook of healing
  i - a blessed spellbook of stone to flesh
 Potions  ('!')
  d - 4 uncursed potions of healing
  l - a blessed potion of sleeping
 Wands    ('/')
  f - a wand of sleep (0:4)
 Tools    ('(')
  c - an uncursed stethoscope

24620901111 the Healer's attributes:

Background:
 You were an Empiric, a level 3 male human Healer.
 You were neutral, nominally on a mission for Hermes
 who was opposed by Athena (lawful) and Poseidon (chaotic).
 You were right-handed.
 You were in the Dungeons of Doom, on level 5.
 You entered the dungeon 1248 turns ago.
 There was a full moon in effect when your adventure ended.
 You had 47 experience points, 33 more were needed to attain level 4.

Basics:
 You had 0 out of 31 hit points.
 You had all 19 energy points (spell power).
 Your armor class was 8.
 Your wallet contained 1954 zorkmids.
 Autopickup was off.

Final Characteristics:
 Your strength was 8 (limit:18/100).
 Your dexterity was 10 (limit:18).
 Your constitution was 16 (limit:18).
 Your intelligence was 9 (limit:18).
 Your wisdom was 16 (limit:18).
 Your charisma was 16 (limit:18).

Final Status:
 You weren't hungry.
 You were unencumbered.
 You were wielding a knife.
 You had basic skill with knife.

Final Attributes:
 You were devoutly aligned.
 You were poison resistant.
 You were lucky.
 You are dead.

Miscellaneous:
 You didn't encounter any bones levels.
 Total elapsed playing time was 21 minutes and 19 seconds.

Major events:
 Turn
    1: 24620901111 the neutral male human Healer entered the dungeon
 1203: attained the rank of Empiric (level 3)
 1248: killed by a bugbear

Spells:
 Name                 Level Category     Fail Retention
 healing                1   healing        0%  91%-100%
 extra healing          3   healing        0%  91%-100%
 stone to flesh         3   healing        4%  91%-100%

Skills:
 Fighting Skills
   bare handed combat [Unskilled]
 Weapon Skills
   dagger             [Unskilled]
   knife              [Basic]
   short sword        [Unskilled]
   saber              [Unskilled]
   club               [Unskilled]
   mace               [Unskilled]
   quarterstaff       [Unskilled]
   polearms           [Unskilled]
   spear              [Unskilled]
   trident            [Unskilled]
   sling              [Unskilled]
   dart               [Unskilled]
   shuriken           [Unskilled]
   unicorn horn       [Unskilled]
 Spellcasting Skills
   healing spells     [Basic]

Voluntary challenges:
 Character rerolling was not enabled.
 You were an atheist.
 You were illiterate.
 You never genocided any monsters.
 You never polymorphed an object.
 You never changed form.
 You used no wishes.
Achievement:
 You attained the rank of Empiric.

 The Dungeons of Doom: levels 1 to 5
    Level 1:
       A fountain, a grave.
    Level 2:
       A fountain, some graves.
    Level 3:
    Level 4:
       A fountain, a sink.
    Level 5: <- You were here.
       A throne, a fountain.
       Final resting place for
          you, killed by a bugbear.


Vanquished creatures:
 an orc zombie
  a hobgoblin
  a giant rat
  a red mold
  a garter snake
  a gecko
  2 jackals
  2 foxes
  a kobold
  2 goblins
  2 sewer rats
  6 grid bugs
  2 lichens
  a kobold zombie
  2 newts
26 creatures vanquished.

No species were genocided or became extinct.

Game over:
                       ----------
                      /          \
                     /    REST    \
                    /      IN      \
                   /     PEACE      \
                  /                  \
                  |   24620901111    |
                  |     1954 Au      |
                  |   killed by a    |
                  |     bugbear      |
                  |                  |
                  |                  |
                  |       2026       |
                 *|     *  *  *      | *
        _________)/\\_//(\/(/\)/\//\/|_)_______

Goodbye 24620901111 the Healer...

You died in The Dungeons of Doom on dungeon level 5 with 433 points,
and 1954 pieces of gold, after 1248 moves.
You were level 3 with a maximum of 31 hit points when you died.

